 Dungeon Crawl Stone Soup version 0.18-a0-1649-g8d9735b (webtiles) character file.

55 corax the Ducker (level 3, -4/19 HPs)
             Began as a Spriggan Fighter on Mar 29, 2016.
             Slain by a phantom (7 damage)
             ... on level 4 of the Dungeon.
             The game lasted 00:05:32 (1322 turns).

corax the Ducker (Spriggan Fighter)                 Turns: 1322, Time: 00:05:33

Health: -4/19      AC:  2    Str: 12    XL:     3   Next: 67%
Magic:  4/4        EV: 19    Int:  9    God:
Gold:   57         SH:  6    Dex: 16    Spells: 0 memorised, 2 levels left

rFire  + . .     SeeInvis +     a - +0 rapier
rCold  . . .     Gourm    .     b - +0 robe
rNeg   . . .     Faith    .     c - +0 buckler
rPois  .         Spirit   .     (helmet restricted)
rElec  .         Dismiss  .     (no cloak)
rCorr  .         Reflect  .     (gloves unavailable)
SustAt .         Harm     .     (boots unavailable)
MR     .....                    (no amulet)
Stlth  +++.......               o - ring of flight
                                h - ring of protection from fire

@: very quick, not resistant to hostile enchantments, fairly stealthy
A: unfitting armour, see invisible, herbivore 3, speed 3, slow metabolism 2
a: Evoke Flight


You were on level 4 of the Dungeon.
You were not hungry.

You visited 1 branch of the dungeon, and saw 4 of its levels.

You collected 57 gold pieces.

Inventory:

Hand Weapons
 a - a +0 rapier (weapon)
Armour
 b - a +0 robe (worn)
 c - a +0 buckler (worn)
Jewellery
 h - a ring of protection from fire (left hand)
 o - a ring of flight (right hand)
Scrolls
 g - a scroll of blinking {unknown}
 i - a scroll of teleportation {unknown}
 j - a scroll of recharging {unknown}
 k - a scroll of remove curse {unknown}
 l - a scroll of amnesia {unknown}
 m - a scroll of identify {unknown}
Potions
 d - a potion of might
 e - a potion of degeneration {unknown}
 n - a potion of flight {unknown}
Comestibles
 f - 3 bread rations


   Skills:
 + Level 2.7 Fighting
 + Level 2.5 Short Blades
 + Level 4.8 Dodging
 * Level 3.1 Stealth
 + Level 2.5 Shields


You had 2 spell levels left.
You didn't know any spells.

Dungeon Overview and Level Annotations

Branches:
Dungeon (4/15)
 Temple: D:4-7

Altars:

Annotations:
D:3 Ijyb


Innate Abilities, Weirdness & Mutations

You are tiny and cannot use many weapons and most armour.
You have supernaturally acute eyesight.
You are a herbivore.
You cover ground extremely quickly.
You need consume almost no food.


Message History

You barely miss Ijyb.
Ijyb is moderately wounded.
Ijyb misses you.
You barely miss Ijyb.
Ijyb is moderately wounded.
Ijyb hits you with a club.
* * * LOW HITPOINT WARNING * * *
There is a stone staircase leading down here.
You climb downwards.
You hear the hiss of flowing sand.
There is an entrance to an ossuary on this level.
Hurry and find it before the portal is buried!
A worker ant comes into view.
There is a stone staircase leading up here.
Found a brown potion.
A scorpion and a phantom come into view.
The helpless phantom fails to defend itself.
You puncture the phantom!
The phantom is moderately damaged.
The phantom hits you!
You die...

### #### # #.### #.##
. #.#.# ##.. #.
##..## ##.# #.#
##.#.## ###..#
##.###.###.#####.....
#..W...# ##..........
....##@..#
#...##.....# .
#.........###..##.
#...#####.. ...# .
#..## #.....## . #..#
##..... . .s.. .##..
..#. ####.. ..###


You could see a phantom and a scorpion (sleeping).

Vanquished Creatures
  2 adders (D:2)
  A dart slug (D:1)
  A giant gecko (D:1)
  4 bats (D:1)
  A giant cockroach (D:1)
  3 goblins (D:1)
  6 hobgoblins
  3 jackals (D:2)
  3 kobolds
  2 giant newts
  6 rats
32 creatures vanquished.

Notes
Turn   | Place    | Note
--------------------------------------------------------------
     0 | D:1      | corax the Spriggan Fighter began the quest for the Orb.
     0 | D:1      | Reached XP level 1. HP: 11/11 MP: 2/2
   133 | D:1      | Reached skill level 1 in Stealth
   147 | D:1      | Reached XP level 2. HP: 14/16 MP: 3/3
   808 | D:2      | Reached XP level 3. HP: 19/19 MP: 4/4
  1258 | D:3      | Noticed Ijyb
  1319 | D:4      | Noticed a scorpion
  1319 | D:4      | Noticed a phantom
  1322 | D:4      | Slain by a phantom

Vault maps used:
D:1:      sevenhm_arrival_forest_fort_small_3
D:2:      nicolae_overflow_hidden_temple, serial_undead, serial_undead_d,
          serial_undead_c, serial_undead_b, serial_undead_e, serial_undead_e,
          serial_undead_f, serial_undead_f, first_bread
D:3:      old_standard_altar, nicolae_gozag_seed_capital, uniq_iyjb, uniq_robin
D:4:      enter_ossuary_4, minmay_goblin_kobold_house, uniq_eustachio

Skill      XL: |  1  2  3 |
---------------+----------+-----
Stealth        | 1 2 3 |  3.1
Fighting       | |  2.7
Short Blades   | |  2.5
Dodging        | |  4.8
Shields        | |  2.5

Action                   || total
-------------------------++-------
Melee: Rapier            ||   124
 Stab: Distracted        ||     1
       Sleeping          ||     9
